 Dungeon Crawl Stone Soup version 0.13.2 (webtiles) character file.

85 Ignis the Charlatan (level 2, -1/26 HPs)
             Began as a Deep Dwarf Artificer on Oct 19, 2017.
             Slain by a hobgoblin
             ... wielding a +0,+0 club
              (2 damage)
             ... on Level 1 of the Dungeon.
             The game lasted 00:07:46 (372 turns).

Ignis the Charlatan (Deep Dwarf Artificer)           Turns: 372, Time: 00:07:46

HP  -1/26        AC  3     Str 14      XL: 2   Next: 34%
MP   3/3         EV 12     Int 12      God:
Gold 70          SH  0     Dex 13      Spells:  0 memorised,  1 level left

Res.Fire  : . . .   See Invis. : .   i - -2,-1 club (curse)
Res.Cold  : . . .   Warding    : .   e - +0 leather armour (curse)
Life Prot.: . . .   Conserve   : .   (no shield)
Res.Poison: .       Res.Corr.  : .   (no helmet)
Res.Elec. : .       Clarity    : .   (no cloak)
Sust.Abil.: . .     Spirit.Shd : .   (no gloves)
Res.Mut.  : .       Stasis     : .   (no boots)
Res.Rott. : .       Flight     : .   (no amulet)
Saprovore : . . .                    (no ring)
                                     (no ring)

@: non-regenerating, slightly resistant to hostile enchantments, unstealthy
A: damage resistance, recharge devices, sense surroundings 1, slow healing 3
a: Device Recharging


You were on level 1 of the Dungeon.
You were not hungry.

You visited 1 branch of the dungeon, and saw 1 of its levels.

You collected 50 gold pieces.

Inventory:

Hand weapons
 a - a +0,+0 dwarven short sword
 i - a cursed -2,-1 club (weapon)
Armour
 e - a cursed +0 leather armour (worn)
 m - a +0 chain mail
Magical devices
 b - a wand of flame (15)
 c - a wand of enslavement (15)
 d - a wand of random effects (15)
 f - a wand of heal wounds (5)
Comestibles
 g - a bread ration
Scrolls
 l - a scroll of curse armour
Potions
 h - 2 potions of heal wounds {unknown}
 j - a potion of cure mutation {unknown}
 k - a potion of restore abilities {unknown}


   Skills:
 + Level 1.0 Fighting
 + Level 0.8 Short Blades
 + Level 2.7 Dodging
 + Level 1.2 Stealth
 + Level 4.6 Evocations


You had one spell level left.
You didn't know any spells.

Dungeon Overview and Level Annotations

Branches:
Dungeon (1/27)

Altars:


Innate Abilities, Weirdness & Mutations

You are resistant to damage.
You can recharge devices by infusing magical energy.
You passively map a small area around you.
You do not heal naturally.


Message History

You barely miss the hobgoblin. The hobgoblin barely misses you.
You hit the hobgoblin but do no damage. The hobgoblin misses you.
You closely miss the hobgoblin. The hobgoblin misses you.
You barely miss the hobgoblin. The hobgoblin misses you.
You barely miss the hobgoblin. The hobgoblin misses you.
You hit the hobgoblin but do no damage. The hobgoblin hits you with a club.
The hobgoblin barely misses you.
You hit the hobgoblin but do no damage. The hobgoblin hits you with a club.
You hit the hobgoblin but do no damage. The hobgoblin hits you with a club!
* * * LOW HITPOINT WARNING * * *
You barely miss the hobgoblin. The hobgoblin hits you with a club.
You hit the hobgoblin but do no damage. The hobgoblin barely misses you.
You barely miss the hobgoblin. The hobgoblin hits you with a club.
* * * LOW HITPOINT WARNING * * *
You hit the hobgoblin but do no damage. The hobgoblin hits you with a club.
* * * LOW HITPOINT WARNING * * *
You hit the hobgoblin but do no damage. The hobgoblin hits you with a club.
You hit the hobgoblin but do no damage. The hobgoblin closely misses you.
The hobgoblin hits you with a club.
You die...

* #.# , #.# . #.# , ...
#.#####* ...., #.#...,
....., , *
######.#.####.[..... ,
,,,....(......@g.......
###########.#(########.##
* ........................
###########.#.########.#*
##.#.########.#
#..........##.# #.#
#..........##.# #.#
##########..........##.#
#.#
.......................###
#.#


You could see a hobgoblin.

Vanquished Creatures
  A bat (D:1)
  A giant cockroach (D:1)
  4 goblins (D:1)
  A hobgoblin (D:1)
  4 jackals (D:1)
  A giant newt (D:1)
  A rat (D:1)
13 creatures vanquished.

Notes
Turn   | Place    | Note
--------------------------------------------------------------
     0 | D:1      | Ignis, the Deep Dwarf Artificer, began the quest for the Orb.
     0 | D:1      | Reached XP level 1. HP: 19/19 MP: 1/1
   109 | D:1      | Reached skill level 1 in Fighting
   218 | D:1      | Reached XP level 2. HP: 16/26 MP: 3/3
   370 | D:1      | HP: 1/26 [hobgoblin/club (3)]
   372 | D:1      | Slain by a hobgoblin

Action                   || total
-------------------------++-------
Melee: Short sword       ||    33
       Club              ||    44
  Use: Scroll            ||     3
